Map: Ruines d’Endion

Players

blackbox

  • Race: Terran Terran
  • League: Silver
  • Spawn Location: 7:00

zidar - Winner!

  • Race: Zerg Zerg
  • League: Gold
  • Spawn Location: 5:00

VOD

Have the link to the VOD?

Description

Time

  • Played on: June 4, 2016, 1:38 p.m.
  • Length: 21:11
Show
View Real Time Build Order
Export as new Build Order

blackbox Terran 

Build Orders: Liberator Opening, Mech 

Get SALT Encoding   

  12  0:02  SCV  
  13  0:14  SCV  
  14  0:26  SCV, Supply Depot  
  15  0:36  Refinery  
  15  0:47  SCV  
  15  0:48  Barracks  
  16  0:59  SCV  
  17  1:06  Supply Depot  
  17  1:11  SCV  
  18  1:23  SCV  
  19  1:36  SCV  
  19  1:39  Marine  
  21  1:48  SCV  
  22  1:57  Marine  
  22  1:59  Command Center  
  23  2:13  Factory  
  23  2:15  Marine  
  24  2:17  SCV  
  25  2:29  SCV  
  26  2:42  Refinery  
  26  2:44  Marine  
  26  2:48  Orbital Command  
  27  3:00  Starport  
  27  3:02  Marine  
  28  3:08  Factory Reactor  
  28  3:16  Orbital Command  
  28  3:19  Marine  
  29  3:29  SCV  
  30  3:37  Marine  
  30  3:38  Liberator, Supply Depot  
  31  3:41  SCV  
  31  3:44  Supply Depot  
  35  3:55  Medivac  
  35  4:01  Supply Depot  
  37  4:03  Marine  
  38  4:10  SCV x2  
  40  4:21  Marine  
  40  4:22  SCV  
  40  4:23  SCV  
  43  4:29  Barracks  
  42  4:34  SCV  
  42  4:35  SCV  
  44  4:39  Marine  
  45  4:46  SCV  
  45  4:47  SCV  
  47  4:52  Factory Tech Lab  
  47  4:55  Barracks  
  47  4:57  Marine  
  47  4:58  SCV  
  47  4:59  SCV  
  50  5:10  SCV  
  50  5:11  SCV  
  52  5:23  SCV x2  
  50  5:47  Siege Tank  
  53  5:51  SCV x2  
  53  5:56  Barracks Tech Lab  
  55  6:00  Marine  
  55  6:01  Marine  
  55  6:03  SCV x2  
  59  6:10  Refinery  
  59  6:11  Refinery  
  59  6:15  SCV x2  
  59  6:17  Combat Shield  
  59  6:18  Marine x2  
  62  6:20  Siege Tank  
  66  6:27  SCV  
  66  6:28  SCV  
  68  6:36  Marine x2  
  68  6:38  Supply Depot  
  70  6:59  Marine x2, SCV x2, Siege Tank  
  77  7:02  Supply Depot  
  77  7:09  Factory  
  77  7:17  Marine  
  78  7:23  Marine  
  78  7:24  Marine, Engineering Bay  
  78  7:25  Supply Depot  
  80  7:30  Liberator  
  80  7:31  Siege Tank  
  80  7:34  Marine  
  84  7:41  Marine x2  
  86  7:47  Medivac  
  86  7:50  Supply Depot  
  86  7:51  Engineering Bay  
  91  7:52  Marine  
  91  7:53  Factory  
  91  7:54  Command Center  
  91  7:55  Hi-Sec Auto Tracking  
  92  7:59  Marine x2  
  94  8:12  Siege Tank  
  98  8:17  Marine  
  98  8:18  Supply Depot  
  100  8:21  Barracks Reactor  
  100  8:25  Barracks Reactor  
  98  8:29  Stimpack  
  98  8:35  Marine  
  99  8:41  Supply Depot  
  99  8:45  Factory Tech Lab  
  99  8:55  Sensor Tower  
  99  9:05  Supply Depot  
  99  10:16  SCV  
  99  10:17  SCV  
  101  10:25  Factory Tech Lab  
  101  10:28  SCV  
  101  10:29  SCV  
  101  10:30  Concussive Shells  
  101  10:35  Barracks  
  103  10:39  Siege Tank x2  
  103  10:40  SCV  
  103  10:41  SCV  
  111  10:51  Marine x5  
  111  10:53  SCV x2  
  118  11:01  Orbital Command  
  118  11:05  SCV x2  
  118  11:09  Marine x5, Missile Turret x2  
  125  11:11  Siege Tank x2  
  125  11:13  Terran Infantry Armor Level 1, Terran Infantry Weapons Level 1  
  131  11:18  Armory  
  131  11:24  Barracks  
  131  11:26  Marine  
  131  11:31  Missile Turret x2  
  131  11:32  Marauder  
  134  11:33  Marine x3  
  138  11:44  Marine  
  138  11:51  Marine x3  
  141  11:57  Missile Turret  
  141  12:02  Barracks Tech Lab  
  141  12:13  Barracks  
  141  12:30  Refinery  
  141  12:32  Refinery  
  141  12:34  Sensor Tower  
  141  12:51  Marauder  
  137  12:52  Starport  
  137  13:02  Barracks, Siege Tank  
  137  13:05  Marine  
  140  13:07  Barracks Reactor  
  141  13:25  Marine  
  141  13:26  Marine x3, Marauder  
  141  13:31  Starport  
  141  13:40  Marine  
  141  13:43  Marine  
  141  13:44  Marine  
  141  13:49  Marine  
  141  13:51  Marine  
  140  13:58  Marine  
  141  14:09  Starport  
  141  14:36  Supply Depot  
  141  14:43  Barracks Reactor  
  141  14:44  Barracks Reactor  
  141  14:55  Starport Tech Lab  
  141  14:57  Marine x3, Siege Tank, Medivac  
  141  14:59  Supply Depot  
  149  15:06  Supply Depot  
  149  15:20  Marine x2, Medivac x3  
  157  15:23  Supply Depot  
  157  15:27  Thor  
  157  15:28  Marauder, Supply Depot  
  165  15:30  Command Center  
  165  15:44  Marine, Thor  
  165  15:46  Supply Depot  
  165  15:49  Thor  
  180  15:50  Marauder, Supply Depot  
  180  15:52  Terran Vehicle Weapons Level 1  
  180  15:54  Terran Infantry Weapons Level 2  
  180  15:55  Terran Infantry Armor Level 2  
  180  16:01  Supply Depot  
  180  16:02  Supply Depot  
  180  16:07  Supply Depot  
  180  16:08  Medivac x4  
  180  16:10  Marine  
  189  16:12  Marine x5, Supply Depot, Siege Tank  
  197  16:23  Marine x3  
  200  16:29  Supply Depot  
  200  17:05  Marine  
  200  17:08  Missile Turret  
  198  17:28  Missile Turret  
  197  17:46  Terran Ship Weapons Level 1  
  197  17:47  Missile Turret  
  194  18:20  Terran Infantry Weapons Level 3  
  194  18:21  Terran Infantry Armor Level 3  
  194  18:45  Thor  
  86  19:31  Marine x2  
  86  19:32  Marine x5  
  86  19:34  Viking x3  
  86  19:37  Thor  
  86  19:38  Thor x2  
  117  19:40  Marine x3  
  120  19:49  Marine x4  
  120  19:50  Marine x3  
  127  19:58  Marine x2  
  130  20:04  Viking x2  
  132  20:07  Marine x4  
  132  20:08  Marine  
  132  20:11  Marine  
  120  20:16  Marine x2  
  120  20:20  Thor  
  120  20:21  Thor  
  116  20:25  Marine x2  
  106  20:34  Viking x2  
Show
View Real Time Build Order
Export as new Build Order

zidar Zerg - Winner!

Build Orders: Hatch First 

Get SALT Encoding   

  12  0:01  Drone  
  13  0:12  Overlord  
  13  0:18  Drone  
  14  0:31  Drone x2  
  14  0:34  Drone  
  17  0:57  Hatchery  
  17  0:58  Drone  
  17  1:01  Extractor  
  17  1:03  Drone  
  17  1:09  Drone  
  18  1:25  Spawning Pool  
  17  1:28  Drone  
  18  1:40  Drone  
  18  1:43  Drone  
  20  1:52  Drone  
  21  2:01  Overlord  
  20  2:20  Queen  
  22  2:26  Hatchery  
  21  2:30  Queen  
  21  2:36  Metabolic Boost  
  23  2:49  Drone  
  23  2:50  Drone  
  25  2:53  Zergling x2  
  25  2:56  Zergling x2  
  27  2:59  Zergling x2  
  28  3:06  Pneumatized Carapace  
  28  3:12  Zergling x6  
  31  3:13  Zergling x2  
  32  3:34  Roach Warren  
  32  3:36  Overlord  
  31  3:47  Queen  
  33  3:54  Zergling x8  
  37  4:15  Drone x5  
  42  4:39  Overlord x2  
  42  4:57  Roach x8  
  58  5:07  Spore Crawler  
  51  5:29  Ravager x3  
  53  5:43  Ravager  
  53  5:53  Zergling x2, Drone  
  53  5:56  Extractor  
  54  6:08  Drone x4  
  58  6:14  Overlord x3  
  58  6:15  Overlord  
  58  6:38  Roach x6  
  70  6:56  Drone x4  
  74  7:03  Extractor  
  74  7:06  Extractor  
  72  7:34  Roach x4  
  82  7:39  Lair  
  82  7:41  Queen  
  82  8:00  Extractor  
  82  8:01  Drone  
  82  8:03  Extractor, Drone  
  82  8:05  Overlord x2  
  82  8:06  Overlord x2  
  82  8:21  Evolution Chamber  
  82  8:24  Evolution Chamber  
  82  8:27  Roach x13  
  82  8:28  Roach  
  82  8:30  Ravager  
  82  8:32  Ravager  
  82  8:33  Ravager  
  111  8:38  Drone x3  
  114  8:41  Overlord x4  
  114  9:04  Drone x3  
  114  9:07  Drone x3  
  114  9:09  Drone x3  
  123  9:12  Drone  
  112  9:48  Drone x8  
  112  9:50  Drone x5  
  112  9:52  Drone x2  
  125  10:06  Ravager x6  
  129  10:10  Roach x4  
  137  10:17  Zerg Ground Armor Level 1  
  137  10:21  Zerg Missile Weapons Level 1  
  137  10:34  Drone  
  138  10:36  Overlord  
  138  10:37  Overlord x3  
  138  11:19  Hatchery  
  138  11:21  Drone x2  
  138  11:22  Drone  
  138  11:23  Drone  
  141  11:26  Roach x2  
  141  11:27  Roach x12  
  169  11:36  Drone  
  169  11:37  Infestation Pit  
  169  11:39  Overlord  
  169  11:40  Overlord x3  
  169  11:50  Overseer  
  169  11:51  Overseer x2  
  169  11:52  Overseer  
  169  12:11  Zerg Ground Armor Level 2  
  169  12:16  Zerg Missile Weapons Level 2, Hive  
  159  12:56  Ravager x4  
  165  12:58  Roach x2  
  165  12:59  Roach x12  
  181  13:30  Roach x4  
  181  13:31  Roach x5  
  175  14:11  Adrenal Glands  
  175  14:29  Zerg Melee Weapons Level 1  
  175  14:30  Spire  
  174  14:33  Zerg Ground Armor Level 3  
  174  14:42  Hatchery  
  174  14:44  Overlord  
  174  14:45  Overlord x2  
  173  15:07  Extractor  
  173  15:12  Extractor  
  171  15:20  Zergling x20  
  171  15:21  Zergling x14  
  188  15:25  Roach x5  
  198  15:39  Ravager x2  
  200  15:52  Greater Spire  
  186  17:11  Corruptor x2  
  186  17:12  Corruptor x4  
  186  17:13  Corruptor x3  
  199  17:44  Brood Lord  
  199  17:45  Brood Lord x3  
  159  18:22  Brood Lord  
  159  18:23  Brood Lord x4  
  167  18:28  Roach x16  
  199  18:37  Zerg Melee Weapons Level 2  
  161  19:42  Mutalisk x13  
  161  19:43  Mutalisk x3  
  161  19:44  Mutalisk x2  
Tags
 
Add a new tag
Caveats
  • Supply blocks, unpowered buildings, or Contaminate may cause inaccurate times.
  • Supply counts are checked every 10 seconds.